TOP OF THE 1ST |
New Hampshire Fisher Cats batting - Pitching for Montgomery Biscuits : RHP César López
|
Pitching: RHP César López
|
|
Batting: RHB Billy Campbell
|
0-0: Ball 1-0: Reached on Error, E8 (Flyball, 8LD)
|
Batting: RHB Santiago Vallés
|
0-0: Foul Ball, location: 2F 0-1: Ball 1-1: Called Strike 1-2: Ball 2-2: Ball 3-2: Ground out 4-3 (Groundball, 4) Billy Campbell to third
|
Batting: LHB Don Ramey
|
0-0: Swinging Strike 0-1: Swinging Strike 0-2: DOUBLE (Flyball, 89M) Billy Campbell scores
|
Batting: RHB Lu-fang Huie
|
0-0: Foul Ball, location: 2F 0-1: Ground out 6-3 (Groundball, 6) Don Ramey to third
|
Batting: SHB Lester Olsen
|
0-0: Ball 1-0: Called Strike 1-1: Ball 2-1: Foul Ball, location: 2F 2-2: Strikes out swinging
|
Top of the 1st over - 1 run(s), 1 hit(s), 1 error(s), 1 left on base; New Hampshire 1 - Montgomery 0 |
BOTTOM OF THE 1ST |
Montgomery Biscuits batting - Pitching for New Hampshire Fisher Cats : RHP Ron Scott
|
Pitching: RHP Ron Scott
|
|
Batting: RHB Juan Díaz
|
0-0: Ball 1-0: Called Strike 1-1: Foul Ball, location: 2F 1-2: Fly out, F8 (Flyball, 8RM)
|
Batting: LHB Curt Causton
|
0-0: Ball 1-0: Ball 2-0: Fly out, F9 (Flyball, 89M)
|
Batting: RHB Yujiro Kurihara
|
0-0: SINGLE (Groundball, 34D)
|
Batting: LHB José Martínez
|
0-0: Called Strike 0-1: Fielders Choice at 2nd, U4 (Groundball, 4M)
|
Bottom of the 1st over - 0 run(s), 1 hit(s), 0 error(s), 1 left on base; New Hampshire 1 - Montgomery 0 |
TOP OF THE 2ND |
New Hampshire Fisher Cats batting - Pitching for Montgomery Biscuits : RHP César López
|
Batting: RHB Tim Robertson
|
0-0: Swinging Strike 0-1: Ball 1-1: Swinging Strike 1-2: Foul Ball, location: 2F 1-2: Strikes out swinging
|
Batting: RHB Felipe Rivas
|
0-0: Ball 1-0: Ground out 2-3 (Groundball, 2R)
|
Batting: RHB Chris Parker
|
0-0: Called Strike 0-1: SINGLE (Line Drive, 9LS)
|
Batting: RHB Franklin Lawrence
|
0-0: Ball 1-0: Foul Ball, location: 2F 1-1: Ball 2-1: Ball 3-1: Foul Ball, location: 2F 3-2: Ground out 1-3 (Groundball, 13S)
|
Top of the 2nd over - 0 run(s), 1 hit(s), 0 error(s), 1 left on base; New Hampshire 1 - Montgomery 0 |
BOTTOM OF THE 2ND |
Montgomery Biscuits batting - Pitching for New Hampshire Fisher Cats : RHP Ron Scott
|
Batting: RHB Dave Dawson
|
0-0: Swinging Strike 0-1: Foul Ball, location: 2F 0-2: Ball 1-2: Foul Ball, location: 2F 1-2: SOLO HOME RUN (Flyball, 78XD), Distance : 416 ft
|
Batting: LHB Brian MacIntosh
|
0-0: Ball 1-0: Ball 2-0: Ball 3-0: Base on Balls
|
Batting: RHB Carlos Vásquez
|
0-0: Called Strike 0-1: Swinging Strike 0-2: Ball 1-2: Strikes out swinging
|
Batting: RHB Warren Martin
|
0-0: Fielders Choice at 2nd, 5-4 (Groundball, 5L)
|
Batting: RHB Peyton Yardley
|
0-0: Ball 1-0: Ball 2-0: Ball 3-0: Base on Balls Warren Martin to second
|
Batting: RHB Juan Díaz
|
0-0: Ball 1-0: Ball 2-0: Ball 3-0: Base on Balls Warren Martin to third Peyton Yardley to second
|
Batting: LHB Curt Causton
|
0-0: Ball 1-0: DOUBLE (Line Drive, 7LD) Warren Martin scores Peyton Yardley scores Juan Díaz to third Runner from 3rd tries for Home, SAFE, no throw or cutoff
|
Batting: RHB Yujiro Kurihara
|
Reached via error on a dropped throw, E3 Curt Causton to third
|
Batting: LHB José Martínez
|
0-0: Ball 1-0: SINGLE (Line Drive, 78S) Curt Causton scores Yujiro Kurihara to second
|
Batting: RHB Dave Dawson
|
0-0: Ball 1-0: Fly out, F8 (Flyball, 8LD)
|
Bottom of the 2nd over - 5 run(s), 3 hit(s), 1 error(s), 2 left on base; New Hampshire 1 - Montgomery 5 |
TOP OF THE 3RD |
New Hampshire Fisher Cats batting - Pitching for Montgomery Biscuits : RHP César López
|
Batting: RHB Billy Campbell
|
0-0: Called Strike 0-1: Ball 1-1: Foul Ball, location: 2F 1-2: Ground out 1-3 (Groundball, 2L)
|
Batting: RHB Santiago Vallés
|
0-0: Ball 1-0: Ball 2-0: Called Strike 2-1: Bunt for hit - play at first, batter OUT! 1-3
|
Batting: LHB Don Ramey
|
0-0: Ball 1-0: Fly out, F6 (Line Drive, 6)
|
Top of the 3rd over - 0 run(s), 0 hit(s), 0 error(s), 0 left on base; New Hampshire 1 - Montgomery 5 |
BOTTOM OF THE 3RD |
Montgomery Biscuits batting - Pitching for New Hampshire Fisher Cats : RHP Ron Scott
|
Batting: LHB Brian MacIntosh
|
0-0: SINGLE (Line Drive, 34)
|
Batting: RHB Carlos Vásquez
|
0-0: Called Strike 0-1: Foul Ball, location: 2F 0-2: Foul Ball, location: 2F 0-2: Fly out, F3 (Popup, 3DF)
|
Batting: RHB Warren Martin
|
0-0: Foul Ball, location: 2F 0-1: Ball 1-1: Foul Ball, location: 2F 1-2: Ball 2-2: Ball 3-2: Strikes out swinging
|
Batting: RHB Peyton Yardley
|
0-0: Fly out, F7 (Flyball, 78S)
|
Bottom of the 3rd over - 0 run(s), 1 hit(s), 0 error(s), 1 left on base; New Hampshire 1 - Montgomery 5 |
TOP OF THE 4TH |
New Hampshire Fisher Cats batting - Pitching for Montgomery Biscuits : RHP César López
|
Batting: RHB Lu-fang Huie
|
0-0: Swinging Strike 0-1: Called Strike 0-2: Ball 1-2: Ball 2-2: SINGLE (Flyball, 8LS)
|
Batting: SHB Lester Olsen
|
0-0: Ball 1-0: Called Strike 1-1: Ball 2-1: Called Strike 2-2: Ball 3-2: Foul Ball, location: 2F 3-2: Fly out, F6 (Popup, 6MD)
|
Batting: RHB Tim Robertson
|
0-0: Ball 1-0: Ball 2-0: Grounds into double play, 4-6-3 (Groundball, 4)
|
Top of the 4th over - 0 run(s), 1 hit(s), 0 error(s), 0 left on base; New Hampshire 1 - Montgomery 5 |
BOTTOM OF THE 4TH |
Montgomery Biscuits batting - Pitching for New Hampshire Fisher Cats : RHP Ron Scott
|
Batting: RHB Juan Díaz
|
0-0: Called Strike 0-1: Foul Ball, location: 2F 0-2: Ball 1-2: Foul Ball, location: 2F 1-2: Foul Ball, location: 2F 1-2: Ball 2-2: SINGLE (Groundball, 56D)
|
Batting: LHB Curt Causton
|
0-0: Ball 1-0: Called Strike 1-1: Ball Wild Pitch! Juan Díaz to second 2-1: Ground out 4-3 (Groundball, 13) Juan Díaz to third
|
Pitching: RHP Jeff Thompson
|
|
Batting: RHB Yujiro Kurihara
|
0-0: Ball 1-0: Called Strike 1-1: Foul Ball, location: 2F 1-2: Foul Ball, location: 2F 1-2: Ball 2-2: SINGLE (Line Drive, 6D) Juan Díaz scores
|
Batting: LHB José Martínez
|
0-0: Ball 1-0: Ball 2-0: Called Strike 2-1: Grounds into double play, 6-4-3 (Groundball, 6)
|
Bottom of the 4th over - 1 run(s), 2 hit(s), 0 error(s), 0 left on base; New Hampshire 1 - Montgomery 6 |
TOP OF THE 5TH |
New Hampshire Fisher Cats batting - Pitching for Montgomery Biscuits : RHP César López
|
Batting: RHB Felipe Rivas
|
0-0: SINGLE (Groundball, 56)
|
Batting: RHB Chris Parker
|
0-0: 2-RUN HOME RUN (Flyball, 8RXD), Distance : 435 ft
|
Batting: RHB Franklin Lawrence
|
0-0: Called Strike 0-1: Ball 1-1: Ball 2-1: Foul Ball, location: 2F 2-2: SINGLE (Groundball, 6M)
|
Batting: RHB Billy Campbell
|
0-0: Ball 1-0: Ball 2-0: TRIPLE (Flyball, 9LS) Franklin Lawrence scores
|
Batting: RHB Santiago Vallés
|
0-0: Called Strike 0-1: Ball 1-1: Foul Ball, location: 2F 1-2: Foul Ball, location: 2F 1-2: Strikes out swinging
|
Batting: LHB Don Ramey
|
0-0: Called Strike 0-1: Ground out 4-3 (Groundball, 4) Billy Campbell scores
|
Batting: RHB Lu-fang Huie
|
0-0: Ball 1-0: Ground out 6-3 (Groundball, 6)
|
Top of the 5th over - 4 run(s), 4 hit(s), 0 error(s), 0 left on base; New Hampshire 5 - Montgomery 6 |
BOTTOM OF THE 5TH |
Montgomery Biscuits batting - Pitching for New Hampshire Fisher Cats : RHP Jeff Thompson
|
Batting: RHB Dave Dawson
|
0-0: Called Strike 0-1: Ball 1-1: Fly out, F9 (Flyball, 89M)
|
Batting: LHB Brian MacIntosh
|
0-0: Foul Ball, location: 2F 0-1: Ball 1-1: Foul Ball, location: 2F 1-2: Foul Ball, location: 2F 1-2: Strikes out swinging
|
Batting: RHB Carlos Vásquez
|
0-0: Ball 1-0: Called Strike 1-1: Foul Ball, location: 2F 1-2: Strikes out swinging
|
Bottom of the 5th over - 0 run(s), 0 hit(s), 0 error(s), 0 left on base; New Hampshire 5 - Montgomery 6 |
TOP OF THE 6TH |
New Hampshire Fisher Cats batting - Pitching for Montgomery Biscuits : RHP César López
|
Batting: SHB Lester Olsen
|
0-0: Called Strike 0-1: Ball 1-1: Ground out 6-3 (Groundball, 6)
|
Batting: RHB Tim Robertson
|
0-0: Ground out 6-3 (Groundball, 6)
|
Batting: RHB Felipe Rivas
|
0-0: Called Strike 0-1: Ball 1-1: Called Strike 1-2: Fly out, F4 (Line Drive, 34)
|
Top of the 6th over - 0 run(s), 0 hit(s), 0 error(s), 0 left on base; New Hampshire 5 - Montgomery 6 |
BOTTOM OF THE 6TH |
Montgomery Biscuits batting - Pitching for New Hampshire Fisher Cats : RHP Jeff Thompson
|
Batting: RHB Warren Martin
|
0-0: Swinging Strike 0-1: Called Strike 0-2: Ball 1-2: Ground out 1-3 (Groundball, 23)
|
Batting: RHB Peyton Yardley
|
0-0: Called Strike 0-1: Called Strike 0-2: SINGLE (Line Drive, 7S)
|
Batting: RHB Juan Díaz
|
0-0: Ball 1-0: Ball 2-0: Called Strike 2-1: Foul Ball, location: 2F 2-2: Strikes out looking
|
Batting: LHB Curt Causton
|
0-0: Ball 1-0: Called Strike 1-1: Foul Ball, location: 2F 1-2: Ball Peyton Yardley steals 2nd base 2-2: Strikes out swinging
|
Bottom of the 6th over - 0 run(s), 1 hit(s), 0 error(s), 1 left on base; New Hampshire 5 - Montgomery 6 |
TOP OF THE 7TH |
New Hampshire Fisher Cats batting - Pitching for Montgomery Biscuits : RHP César López
|
Batting: RHB Chris Parker
|
0-0: Ball 1-0: SINGLE (Flyball, 78S)
|
Batting: RHB Franklin Lawrence
|
0-0: Called Strike 0-1: Ball 1-1: DOUBLE (Line Drive, 5L) Chris Parker to third
|
Batting: RHB Billy Campbell
|
0-0: Called Strike 0-1: Ball 1-1: Fly out, F7 (Line Drive, 7M) Runner from 3rd tags up, SCORES, throw made
|
Batting: RHB Santiago Vallés
|
0-0: Ground out 6-3 (Groundball, 6) Franklin Lawrence to third
|
Batting: LHB Don Ramey
|
0-0: Swinging Strike 0-1: Fly out, F9 (Flyball, 9M)
|
Top of the 7th over - 1 run(s), 2 hit(s), 0 error(s), 1 left on base; New Hampshire 6 - Montgomery 6 |
BOTTOM OF THE 7TH |
Montgomery Biscuits batting - Pitching for New Hampshire Fisher Cats : RHP Jeff Thompson
|
Pitching: RHP Dan Ford
|
|
Batting: RHB Yujiro Kurihara
|
0-0: Ball 1-0: Called Strike 1-1: Called Strike 1-2: Fly out, F5 (Line Drive, 5S)
|
Batting: LHB José Martínez
|
0-0: Ball 1-0: Foul Ball, location: 2F 1-1: Foul Ball, location: 2F 1-2: Strikes out looking
|
Pinch Hitting: SHB Terry O'Farrell
|
0-0: Fly out, F7 (Flyball, 7LM)
|
Bottom of the 7th over - 0 run(s), 0 hit(s), 0 error(s), 0 left on base; New Hampshire 6 - Montgomery 6 |
TOP OF THE 8TH |
New Hampshire Fisher Cats batting - Pitching for Montgomery Biscuits : RHP César López
|
Pitching: RHP Félix Andrade
|
|
Now at 1B: Terry O'Farrell
|
|
Batting: RHB Lu-fang Huie
|
0-0: Ball 1-0: Ground out 5-3 (Groundball, 5)
|
Batting: SHB Lester Olsen
|
0-0: Called Strike 0-1: Called Strike 0-2: Ground out 6-3 (Groundball, 6)
|
Batting: RHB Tim Robertson
|
0-0: Ball 1-0: Ground out 4-3 (Groundball, 4M)
|
Top of the 8th over - 0 run(s), 0 hit(s), 0 error(s), 0 left on base; New Hampshire 6 - Montgomery 6 |
BOTTOM OF THE 8TH |
Montgomery Biscuits batting - Pitching for New Hampshire Fisher Cats : RHP Dan Ford
|
Batting: LHB Brian MacIntosh
|
0-0: Called Strike 0-1: Swinging Strike 0-2: Ball 1-2: Strikes out swinging
|
Pinch Hitting: SHB Andrew Curran
|
0-0: Called Strike 0-1: Ball 1-1: Foul Ball, location: 2F 1-2: Ground out 4-3 (Groundball, 4)
|
Pinch Hitting: LHB Curt Walker
|
0-0: Ball 1-0: Ball 2-0: Called Strike 2-1: Ball 3-1: Foul Ball, location: 2F 3-2: Base on Balls
|
Pinch Hitting: SHB Orlando Aguilar
|
0-0: Called Strike 0-1: Ball 1-1: Ball 2-1: Foul Ball, location: 2F 2-2: Foul Ball, location: 2F 2-2: Foul Ball, location: 2F 2-2: Strikes out swinging
|
Bottom of the 8th over - 0 run(s), 0 hit(s), 0 error(s), 1 left on base; New Hampshire 6 - Montgomery 6 |
TOP OF THE 9TH |
New Hampshire Fisher Cats batting - Pitching for Montgomery Biscuits : RHP Félix Andrade
|
Pitching: RHP Guillermo Lozano
|
|
Now at SS: Andrew Curran
|
|
Now in LF: Pete Smith
|
|
Now in RF: Curt Walker
|
|
Batting: RHB Felipe Rivas
|
0-0: Foul Ball, location: 2F 0-1: Ball 1-1: Foul Ball, location: 2F 1-2: Ball 2-2: Fly out, F5 (Popup, 2L)
|
Batting: RHB Chris Parker
|
0-0: Called Strike 0-1: Ball 1-1: Ball 2-1: Swinging Strike 2-2: Foul Ball, location: 2F 2-2: Strikes out swinging
|
Batting: RHB Franklin Lawrence
|
0-0: SINGLE (Line Drive, 9S)
|
Batting: RHB Billy Campbell
|
0-0: Ball Franklin Lawrence steals 2nd base 1-0: Foul Ball, location: 2F 1-1: Foul Ball, location: 2F 1-2: Foul Ball, location: 2F 1-2: SINGLE (Groundball, 6MD) Franklin Lawrence to third Runner from 3rd tries for Home, SAFE, no throw or cutoff
|
Batting: RHB Santiago Vallés
|
0-0: Ground out 6-3 (Groundball, 56)
|
Top of the 9th over - 1 run(s), 2 hit(s), 0 error(s), 1 left on base; New Hampshire 7 - Montgomery 6 |
BOTTOM OF THE 9TH |
Montgomery Biscuits batting - Pitching for New Hampshire Fisher Cats : RHP Dan Ford
|
Pitching: RHP António Ramírez
|
|
Now at 1B: Michael Kent
|
|
Now at SS: Lorne Barnes
|
|
Now in LF: Sancho Ovies
|
|
Batting: RHB Juan Díaz
|
0-0: Ground out 2-3 (Groundball, 25)
|
Batting: LHB Curt Causton
|
0-0: Ball 1-0: Swinging Strike 1-1: Ball 2-1: Ball 3-1: Ground out 4-3 (Groundball, 4)
|
Batting: RHB Yujiro Kurihara
|
0-0: Ball 1-0: Ball 2-0: Ball 3-0: Called Strike 3-1: Swinging Strike 3-2: Strikes out looking
|
Bottom of the 9th over - 0 run(s), 0 hit(s), 0 error(s), 0 left on base; New Hampshire 7 - Montgomery 6 |
|